 Seeded DCSS version 0.31-a0-667-g39726597b9 (webtiles) character file.

Game seed: 8226958467842168542 (custom seed)

112 demibob the Slasher (level 4, 39/39 HPs)
             Began as a Minotaur Chaos Knight on Sept 3, 2023.
             Was a Plaything of Xom.
             Quit the game on level 2 of the Dungeon.
             The game lasted 00:02:03 (1232 turns).

demibob the Slasher (Minotaur Chaos Knight)         Turns: 1232, Time: 00:02:04

Health: 39/39      AC:  5    Str: 17    XL:     4   Next: 64%
Magic:  3/3        EV: 11    Int:  9    God:    Xom [...*..]
Gold:   86         SH:  0    Dex: 11    Spells: 3/3 levels left

rFire   . . .        a - +0 falchion (chaos)
rCold   . . .        (no shield)
rNeg    . . .        b - +2 leather armour
rPois   .            (helmet restricted)
rElec   .            (no cloak)
rCorr   .            (no gloves)
SInv    .            (no boots)
Will    .....        (no amulet)
Stlth   +            (no ring)
HPRegen 0.26/turn    (no ring)
MPRegen 0.08/turn

%: no passive effects
@: no status effects
A: horns 2, retaliatory headbutt
a: Renounce Religion


You were on level 2 of the Dungeon.
You worshipped Xom.
You were a favourite toy of Xom.
You visited 1 branch of the dungeon, and saw 2 of its levels.

You collected 86 gold pieces.


Innate Abilities, Weirdness & Mutations

You have a pair of horns on your head.
You reflexively headbutt those who attack you in melee.


   Skills:
 - Level 3.6 Fighting
 + Level 6.6 Long Blades
 - Level 2.4 Armour
 - Level 1.1 Dodging


You had 3 spell levels left.
You didn't know any spells.
Your spell library contained the following spells:

 Spells                   Type           Power      Damage    Failure   Level
 Sandblast                Erth           0%         2d4       43%         1
 Passwall                 Tmut/Erth      0%         N/A       58%         2
 Hailstorm                Conj/Ice       0%         3d3       82%         3
 Stone Arrow              Conj/Erth      0%         3d7       82%         3
 Summon Ice Beast         Ice/Summ       0%         N/A       99%         4
 Simulacrum               Ice/Necr       0%         N/A       100%        6

Inventory:

Hand Weapons
 a - a +0 falchion of chaos (weapon)
Armour
 b - a +2 leather armour (worn)
Magical Staves
 l - a staff of earth {!a}
Jewellery
 n - the ring of Biomihiapp {rElec rF+ rC+}
   (You acquired it on level 2 of the Dungeon)

   [ring of protection from cold]

   rF+:       It protects you from fire.
   rC+:       It protects you from cold.
   rElec:     It insulates you from electricity.
Scrolls
 c - a scroll of butterflies
 e - a scroll of blinking {unknown}
 g - 3 scrolls of identify {unknown}
 h - 2 scrolls of amnesia {unknown}
 j - 2 scrolls of teleportation {unknown}
 m - a scroll of acquirement
Potions
 d - a potion of heal wounds {unknown}
 f - 3 potions of curing {unknown}
 i - a potion of mutation {unknown}
 k - a potion of lignification {unknown}

Dungeon Overview and Level Annotations

Branches:
Dungeon (2/15)

Altars:

.##.........#.#.#.#####.#
.##.###.#####.#.#.......#
..............#.#..######
....###.........#..###
.#### ###########....# ##
#)....#.# #.#####.####
#.### #....# #..@# ####.#
###.# ####.# #.# #....#
#.# #.#### #.# #.#
#.###.# #.....# #######


There were no monsters in sight!


Message History

Xom is highly amused!
The quokka barely misses you. The quokka closely misses you.
You completely miss the quokka. The quokka closely misses you.
The quokka bites you but does no damage.
You barely miss the quokka.
The quokka bites you but does no damage. x2
You hit the quokka.
The quokka is poisoned.
The quokka is severely wounded.
The quokka closely misses you. You furiously retaliate!
You headbutt the quokka, but do no damage.
The quokka barely misses you.
You miss the quokka.
The quokka is severely wounded.
The quokka barely misses you. You furiously retaliate!
You headbutt the quokka!
You kill the quokka!
No target in view!
You see here a quokka corpse.
Found a stone staircase leading up.
Found a short sword.
Done exploring.
Done exploring.
Done exploring.
Done exploring.
This is a scroll of acquirement!
Something appears at your feet!
Unknown command.
n - the ring of Biomihiapp {rElec rF+ rC+} Search for what [? for help]?
Okay, then.
Are you sure you want to abandon this character and quit the game? (Confirm with "yes".)

Skill      XL: |  1  2  3 |
---------------+----------+-----
Long Blades    | 4 5 6 |  6.6
Fighting       | |  3.6
Armour         | |  2.4
Dodging        | |  1.1

Action                     |  1- 3 |  4- 6 || total
---------------------------+-------+-------++-------
  Melee: Falchion          |    74 |    45 ||   119
         Headbutt          |    10 |     4 ||    14
         Punch             |     1 |     1 ||     2
    Use: Scroll            |       |     1 ||     1
   Stab: Sleeping          |       |     1 ||     1
 Armour: Leather armour    |    52 |    13 ||    65
  Dodge: Dodged            |    52 |    34 ||    86

Levels and vault maps discovered:
D:1:      psy_arrival_statuary, layout_rooms
D:2:      layout_basic, uniq_robin

Notes
Turn   | Place    | Note
-------+----------+-------------------------------------------
     0 | D:1      | demibob the Minotaur Chaos Knight began the quest for the
                  | Orb.
     0 | D:1      | Reached XP level 1. HP: 19/19 MP: 0/0
    94 | D:1      | Reached skill level 4 in Long Blades
    94 | D:1      | Reached XP level 2. HP: 22/26 MP: 1/1
   138 | D:1      | XOM: swap monsters
   158 | D:1      | Reached skill level 5 in Long Blades
   161 | D:1      | Reached XP level 3. HP: 21/31 MP: 2/2
   439 | D:2      | Noticed Robin
   456 | D:2      | XOM: enchant monster (bad)
   461 | D:2      | XOM: noise
   463 | D:2      | Killed Robin
   540 | D:2      | Reached skill level 6 in Long Blades
   540 | D:2      | Reached XP level 4. HP: 39/39 MP: 3/3
   868 | D:2      | XOM: god gift: shortbow {god gift}
   986 | D:2      | XOM: scenery: 1 doors close
  1230 | D:2      | Identified 2 scrolls of acquirement
  1230 | D:2      | Acquired the ring of Biomihiapp {rElec rF+ rC+}
  1232 | D:2      | Quit the game

Vanquished Creatures
  Robin (D:2)
  2 adders (D:2)
  A gnoll (D:1)
  2 worms (D:2)
  2 bats (D:1)
  4 endoplasms
  14 goblins
  6 hobgoblins
  11 jackals
  3 quokkas
  5 ball pythons
  A frilled lizard (D:2)
  2 kobolds (D:1)
  8 rats
62 creatures vanquished.

Table legend: (Time is in decaauts)
 A = Elapsed time spent in this place.
 B = Non-inter-level travel time spent in this place.
 C = Inter-level travel time spent in this place.
 D = Time resting spent in this place.
 E = Time spent auto-exploring this place.
 F = Levels seen in this place.
 G = Mean time per level.
                   A        B        C        D        E       F      G
               +--------+--------+--------+--------+--------+-----+--------+
         Total |   1234 |   1229 |      5 |      2 |    958 |   2 |  617.0 |
       Dungeon |   1234 |   1229 |      5 |      2 |    958 |   2 |  617.0 |
               +--------+--------+--------+--------+--------+-----+--------+

Top non-repeatable levels by time:
     D:2: 804 daAuts
     D:1: 429 daAuts

Table legend:
 A = Non-vault XP
 B = Vault XP
 C = Vault XP percentage of total XP
 D = Non-vault monster count
 E = Vault monster count
 F = Vault count percentage of total count
                 A         B        C        D         E       F
            +---------+---------+-------+---------+---------+-------
      Total |     127 |      34 |  21.1 |      50 |      12 |  19.4
            +---------+---------+-------+---------+---------+-------
        D:1 |      56 |       0 |   0.0 |      26 |       0 |   0.0
        D:2 |      71 |      34 |  32.4 |      24 |      12 |  33.3
            +---------+---------+-------+---------+---------+-------
